 Dungeon Crawl Stone Soup version 0.29-a0-1042-g87b1fcd763 (webtiles) character file.

Game seed: 6607809796369867196

30 polve the Chopper (level 3, -6/29 HPs)
             Began as a Demonspawn Abyssal Knight on Aug 15, 2022.
             Was a Believer of Lugonu.
             Mangled by a worm (8 damage)
             ... on level 2 of the Dungeon.
             The game lasted 00:02:17 (1617 turns).

polve the Chopper (Demonspawn Abyssal Knight)       Turns: 1617, Time: 00:02:18

Health: -6/29      AC:  3    Str: 15    XL:     3   Next: 5%
Magic:  4/4        EV: 11    Int: 11    God:    Lugonu [**....]
Gold:   64         SH:  0    Dex: 13    Spells: 2/2 levels left

rFire   . . .      SeeInvis .   a - +1 hand axe
rCold   . . .      Faith    .   (no shield)
rNeg    . . .      Spirit   .   b - +0 leather armour
rPois   .          Reflect  .   (helmet restricted)
rElec   .          Harm     .   (no cloak)
rCorr   .          Rampage  .   (no gloves)
Will    .....                   (no boots)
Stlth   +.........              (no amulet)
HPRegen 0.09/turn               (no ring)
MPRegen 0.09/turn               (no ring)

@: no status effects
A: horns 1, powered by pain 1
a: Renounce Religion, Depart the Abyss, Bend Space


You were on level 2 of the Dungeon.
You worshipped Lugonu.
Lugonu was pleased with you.
You visited 1 branch of the dungeon, and saw 2 of its levels.
You visited the Abyss 1 time.

You collected 64 gold pieces.

Inventory:

Hand Weapons
 a - a +1 hand axe (weapon)
Armour
 b - a +0 leather armour (worn)
Scrolls
 c - a scroll of enchant weapon {unknown}
 d - a scroll of teleportation {unknown}
 h - a scroll of torment {unknown}
 i - a scroll of identify {unknown}
Potions
 e - 2 potions of curing {unknown}
 f - a potion of haste {unknown}
 g - 2 potions of brilliance {unknown}


   Skills:
 - Level 3.0 Fighting
 + Level 3.2 Axes
 - Level 1.7 Armour
 - Level 0.8 Dodging
 - Level 2.4 Invocations


You had 2 spell levels left.
You didn't know any spells.
Your spell library contained the following spells:

 Spells                   Type           Power      Damage    Failure   Level
 Conjure Flame            Conj/Fire      0%         6-21      78%         3
 Ignite Poison            Fire/Tmut/Pois 0%         N/A       78%         3
 Sticky Flame             Conj/Fire      0%         2d3       99%         4


Dungeon Overview and Level Annotations

Branches:
Dungeon (2/15)

Altars:


Innate Abilities, Weirdness & Mutations

You have a pair of small horns on your head.
You sometimes gain a little power by taking damage.


Message History

You are too injured to fight recklessly!
You completely miss the worm.
You headbutt the worm, but do no damage.
The worm is lightly wounded.
You hit the worm. The worm bites you but does no damage.
The worm closely misses you.
You hit the worm but do no damage. You headbutt the worm.
The worm is lightly wounded.
You hit the worm but do no damage.
The quokka twitches its whiskers.
The worm bites you but does no damage. The worm bites you!
You hit the worm.
The worm is heavily wounded.
You hit the worm. The worm closely misses you.
You hit the worm. You headbutt the worm.
The worm is heavily wounded.
The worm bites you.
* * * LOW HITPOINT WARNING * * *
You slash the worm!
The worm is severely wounded.
You hit the worm.
You kill the worm!
Lugonu accepts your kill.
You have reached level 3!
Your experience leads to an increase in your attributes!
Increase (S)trength, (I)ntelligence, or (D)exterity?
You feel stronger. x2; Your demonic ancestry asserts itself...
You feel energised by your suffering.
You hit the quokka.
You kill the quokka!
Lugonu accepts your kill. The worm barely misses you.
You see here a quokka corpse.
You barely miss the worm. You barely miss the worm. The worm bites you.
* * * LOW HITPOINT WARNING * * *
You hit the worm. You headbutt the worm!
The worm is heavily wounded.
The worm bites you!
You die...

#........#.#..# #...
.........# #... .........#
#... ......... #..#
#....)# #.[# #.....# #r.#
#####.# #..#########.#
#...w@.....#.#
......########.#.# #
#######........#.####.##.#
.....##)#.............#
#..<..###.###.....#
#....<..#.........#
#..†..#.#####....##
###.#.#.# ...# #.#.#.###
###


You could see a worm.

Vanquished Creatures
  A worm (D:2)
  2 endoplasms (D:1)
  A giant cockroach (D:1)
  2 goblins
  7 hobgoblins (D:1)
  A quokka (D:2)
  A ball python (D:1)
  2 bats (D:1)
  2 frilled lizards
  5 kobolds
  A rat (D:1)
25 creatures vanquished.

Vanquished Creatures (others)
  4 plants (D:2)
4 creatures vanquished.

Grand Total: 29 creatures vanquished

Notes
Turn   | Place    | Note
-------+----------+-------------------------------------------
     0 | Abyss:1  | polve the Demonspawn Abyssal Knight began the quest for the
                  | Orb.
     0 | Abyss:1  | Reached XP level 1. HP: 18/18 MP: 2/2
    31 | Abyss:1  | Found a corrupted altar of Lugonu.
   113 | Abyss:1  | Found a corrupted altar of Lugonu.
   201 | D:1      | Escaped the Abyss
   804 | D:1      | Gained mutation: You have a pair of small horns on your
                  | head. [demonic ancestry]
   804 | D:1      | Reached XP level 2. HP: 23/24 MP: 3/3
   865 | D:1      | Reached ** piety under Lugonu
  1495 | D:1      | Found a faded altar of an unknown god.
  1613 | D:2      | Gained mutation: You sometimes gain a little power by
                  | taking damage. [demonic ancestry]
  1613 | D:2      | Reached XP level 3. HP: 5/29 MP: 4/4
  1617 | D:2      | Mangled by a worm

Illustrated notes

Levels and vault maps discovered:
D:1:      dpeg_arrival_three_same_balls, layout_loops_ring,
          dilly_ecumenical_altar_fadedgnrine, minmay_octomino_j4
D:2:      layout_basic, nicolae_grassy_gnolls

Skill      XL: |  1  2 |
---------------+-------+-----
Axes           | 2 3 |  3.2
Fighting       | |  3.0
Armour         | |  1.7
Dodging        | |  0.8
Invocations    | |  2.4

Action                   || total
-------------------------++-------
Melee: Hand axe          ||    62
       Headbutt          ||    10
Invok: Depart the Abyss  ||     1
 Stab: Sleeping          ||     1
Armor: Leather armour    ||    19
Dodge: Dodged            ||    34

Table legend: (Time is in decaauts)
 A = Elapsed time spent in this place.
 B = Non-inter-level travel time spent in this place.
 C = Inter-level travel time spent in this place.
 D = Time resting spent in this place.
 E = Time spent auto-exploring this place.
 F = Levels seen in this place.
 G = Mean time per level.
                   A        B        C        D        E       F      G
               +--------+--------+--------+--------+--------+-----+--------+
         Total |   1627 |   1599 |     28 |      0 |   1425 |   3 |  542.3 |
       Dungeon |   1426 |   1398 |     28 |      0 |   1225 |   2 |  713.0 |
         Abyss |    201 |    201 |      0 |      0 |    200 |   1 |  201.0 |
               +--------+--------+--------+--------+--------+-----+--------+

Top non-repeatable levels by time:
     D:1: 1333 daAuts
 Abyss:1: 201 daAuts
     D:2: 92 daAuts
